AoeStats
← ordulops007

Golden Pit

510116567Analyzed
1v1 RM · 3d ago on Sep 29, 2026· 42m 10s· 2 players
Game mode
Random Map
Map size
Tiny (2 player)
Population
200
Speed
Normal
Resources
Standard
Victory
Conquest
Starting age
Dark Age
Ending age
Imperial Age
RankedLock teamsTeams togetherTeam positionsShared explorationLock speedFull tech treeHidden civsTurbo modeCheats
Victory
Defeat
🇫🇷 Ethiopians · France
1136
+17
🇪🇪 Varangians · Estonia
1160
-17
charles.fleury03
6:56 Loom
10:28 Feudal Age
11:11 Double-Bit Axe
11:19 Gold Mining
12:27 Horse Collar
16:41 Fletching
18:53 Castle Age
17:30 Padded Archer Armor
19:07 Crossbowman
21:31 Gold Shaft Mining
21:56 Bow Saw
24:06 Stone Mining
27:07 Wheelbarrow
29:26 Town Watch
30:53 Ballistics
31:50 Scale Mail Armor
32:28 Bodkin Arrow
38:57 Imperial Age
39:06 Hand Cart
38:51 Town Patrol
39:11 Leather Archer Armor
39:44 Forging
39:49 Chain Mail Armor
41:29 Bracer
41:59 Ring Archer Armor
42:00 Plate Mail Armor
40:53 Arbalester
41:59 Elite Shotel Warrior
ordulops007
10:18 Feudal Age
12:27 Loom
14:52 Double-Bit Axe
17:05 Forging
16:49 Fletching
19:02 Padded Archer Armor
22:11 Castle Age
23:29 Bodkin Arrow
35:10 Imperial Age
37:18 Imperial Age
Connection lost

Rejoining the realm…

Still unreachable

The connection could not be restored.

Session expired

The server has moved on; the page needs a fresh start.